 Dungeon Crawl Stone Soup version 0.31-a0-431-g88bdf31460 (webtiles) character file.

Game seed: 2533835328581395019

10435 Maxmaps the Grappler (level 11, -6/86 HPs)
             Began as an Octopode Shapeshifter on Aug 1, 2023.
             Was an Initiate of Gozag.
             Mangled by a seven-headed hydra (9 damage)
             ... on level 10 of the Dungeon.
             The game lasted 00:25:32 (12374 turns).

Maxmaps the Grappler (Octopode Shapeshifter)       Turns: 12374, Time: 00:25:33

Health: -6/86      AC: 13    Str: 20    XL:     11   Next: 62%
Magic:  11/11      EV: 15    Int: 17    God:    Gozag
Gold:   200        SH:  5    Dex: 19    Spells: 10/10 levels left

rFire   + . .        c - melded +2 dagger (drain)
rCold   . . .        C - melded +0 kite shield
rNeg    + . .        (helmet currently unavailable)
rPois   .            i - amulet of reflection
rElec   .            j - ring of willpower
rCorr   +            k - ring of willpower
SInv    .            t - ring of wizardry
Will    +++..        y - +4 ring of protection
Stlth   ++++         s - ring of positive energy
HPRegen 0.34/turn    g - +6 ring of dexterity
MPRegen 0.12/turn    h - ring of Zeuvvuonan {rF+ Will+ rCorr Int+3 Stlth+}
                     (no ring)

%: reflection, wizardry (x1)
@: snake-form
A: constrict, boosted hp, almost no armour, amphibious, 8 rings, large,
(camouflage 1), (gelatinous body 1), (nimble swimmer 1), (tentacles)
a: Begin Untransformation, Renounce Religion, Potion Petition, Call Merchant,
Bribe Branch


You were on level 10 of the Dungeon.
You worshipped Gozag.
Gozag was aware of your devotion.
You were an enormous anaconda.
You visited 2 branches of the dungeon, and saw 11 of its levels.
You also visited: Ossuary.

You collected 1656 gold pieces.
You spent 681 gold pieces at shops.
You paid 775 gold pieces to Gozag.

Inventory:

Hand Weapons
 c - a +2 dagger of draining (melded)
 l - a +2 dagger of speed
Missiles
 K - a throwing net
Armour
 C - a +0 kite shield (melded)
Jewellery
 g - a +6 ring of dexterity (on tentacle)
 h - the ring of Zeuvvuonan (on tentacle) {rF+ Will+ rCorr Int+3 Stlth+}
   (You bought it in a shop on level 9 of the Dungeon)

   [ring of resist corrosion]

   Int:       It affects your intelligence (+3).
   rF:        It protects you from fire.
   rCorr:     It protects you from acid and corrosion.
   Will:      It increases your willpower.
   Stlth:     It makes you more stealthy.
 i - an amulet of reflection (around neck)
 j - a ring of willpower (left tentacle)
 k - a ring of willpower (right tentacle)
 s - a ring of positive energy (on tentacle)
 t - a ring of wizardry (on tentacle)
 w - an amulet of the acrobat
 y - a +4 ring of protection (on tentacle)
 z - an amulet of magic regeneration
Talismans
 b - a beast talisman
 x - a blade talisman
 F - a serpent talisman (active)
Wands
 n - a wand of flame (51)
 o - a wand of digging (7)
 q - a wand of polymorph (6)
Scrolls
 a - 5 scrolls of amnesia
 d - 9 scrolls of fog
 m - 4 scrolls of noise
 u - 4 scrolls of vulnerability
 A - a scroll of torment
 E - 3 scrolls of enchant weapon
 G - a scroll of poison
Potions
 e - 5 potions of mutation
 f - 2 potions of enlightenment
 p - 3 potions of degeneration
 v - 3 potions of curing
 B - 4 potions of attraction
 I - 2 potions of lignification
 J - 2 potions of ambrosia
Miscellaneous
 r - a phial of floods


   Skills:
 - Level 5.3 Fighting
 - Level 4.2 Short Blades
 - Level 8.3 Dodging
 - Level 5.0 Stealth
 - Level 1.0 Shields
 - Level 10.0 Unarmed Combat
 + Level 9.4 Shapeshifting


You had 10 spell levels left.
You didn't know any spells.
Your spell library contained the following spells:

 Spells                   Type           Power      Damage    Failure   Level
 Apportation              Tloc           0%         N/A       10%         1
 Kiss of Death            Conj/Necr      0%         2d5       10%         1
 Necrotise                Necr           0%         1d4       10%         1
 Summon Small Mammal      Summ           0%         N/A       10%         1
 Lesser Beckoning         Tloc           0%         N/A       14%         2
 Confusing Touch          Hex            0%         N/A       26%         3
 Gell's Gravitas          Tloc           0%         N/A       26%         3
 Summon Guardian Golem    Hex/Summ       0%         N/A       26%         3
 Teleport Other           Tloc           0%         N/A       26%         3
 Dispel Undead            Necr           0%         3d6       65%         4
 Olgreb's Toxic Radiance  Pois           0%         N/A       65%         4
 Orb of Destruction       Conj           0%         9d5       100%        7
 Spellforged Servitor     Conj/Summ      0%         N/A       100%        7
 Discord                  Hex            0%         N/A       100%        8
 Ignition                 Fire           0%         3d3       100%        8


Dungeon Overview and Level Annotations

Branches:
Dungeon (10/15)            Temple (1/1) D:6            Lair (0/5) D:10
    Orc (0/2) D:9         Ossuary (visited)

Altars:
Ashenzari
Cheibriados
Dithmenos
Elyvilon
Fedhas
Gozag
Hepliaklqana
Kikubaaqudgha
Makhleb
Nemelex Xobeh
Okawaru
Qazlal
Ru
Sif Muna
Trog
Uskayaw
Vehumet
Wu Jian
Xom
Yredelemnul
Zin
The Shining One

Shops:
D:9 =


Innate Abilities, Weirdness & Mutations

You are an enormous anaconda.
You have a powerful constriction melee attack.
Your maximum health is increased.
Your armour is entirely melded.
You are incapable of wielding weapons or throwing items.
You cannot wear most types of armour.
You are amphibious.
You can wear up to eight rings at the same time.
((Your skin changes colour to match your surroundings (Stealth+).))
((Your rubbery body absorbs attacks. (AC +1, EV +1)))
((You are camouflaged when in or above water. (Stealth+)))
((You have tentacles for arms and can constrict up to eight enemies at once.))


Message History

The seven-headed hydra closely misses you.
The seven-headed hydra bites you.
The seven-headed hydra bites you but does no damage. x2
You block the seven-headed hydra's attack.
The seven-headed hydra barely misses you.
The seven-headed hydra closely misses you.
You body-slam the seven-headed hydra!!
The seven-headed hydra is almost dead.
The seven-headed hydra bites you. x2; The seven-headed hydra misses you.
The seven-headed hydra bites you. x2
* * * LOW HITPOINT WARNING * * *
The seven-headed hydra barely misses you.
The seven-headed hydra bites you!
* * * LOW HITPOINT WARNING * * *
[a] - 253 gold - curing and magic [b] - 572 gold - resistance, invisibility, might and brilliance [c] - 400 gold - haste and resistance Purchase which effect?
You no longer have enough gold to petition Gozag for potion effects.
You feel better. Magic courses through your body.
You block the seven-headed hydra's attack.
The seven-headed hydra bites you.
* * * LOW HITPOINT WARNING * * *
The seven-headed hydra bites you.
* * * LOW HITPOINT WARNING * * *
The seven-headed hydra bites you!
* * * LOW HITPOINT WARNING * * *
You block the seven-headed hydra's attack.
The seven-headed hydra bites you.
* * * LOW HITPOINT WARNING * * *
The seven-headed hydra closely misses you.
Okay, then.
You feel better. The seven-headed hydra bites you.
* * * LOW HITPOINT WARNING * * *
The seven-headed hydra bites you but does no damage.
The seven-headed hydra bites you!
* * * LOW HITPOINT WARNING * * *
The seven-headed hydra bites you!
You die...
Your body crumbles into a pile of gold.

#.......................
#..<....................
#.......................
######.....#'########'###....
#..........#....#.......'....
#..........#....#.......#....
#..........#....'.......#....
#..........#....#.......#....
#..........#SD###.....#......
#################.....#######
#....>...# #........#
#........# #........#
#........# #........#
##########


You could see a seven-headed hydra.

Vanquished Creatures
  An ogre mage (D:10)
  A boulder beetle (D:10)
  2 two-headed ogres
  A tengu warrior (D:8)
  An unseen horror (D:10)
  A yaktaur (D:10)
  An efreet (D:10)
  A hornet (D:10)
  Grinder (D:3)
  2 wraiths (D:10)
  2 centaur simulacra (D:10)
  9 yaks
  2 shadows (D:10)
  A vampire (D:10)
  3 wyverns
  2 steam dragons
  A warg (D:9)
  3 orc warriors
  An ice beast (D:5)
  A sky beast (D:6)
  A kobold brigand (D:10)
  A phantom (D:5)
  2 bullfrogs
  3 scorpions
  7 wights
  4 killer bees (D:10)
  6 electric eels (D:8)
  3 howler monkeys
  A quasit (D:7)
  A gnoll bouda (D:9)
  A jelly (D:5)
  5 orc priests
  3 hounds
  4 iguanas
  A sleepcap (D:6)
  Terence (D:2)
  16 orc wizards
  Natasha (thrice) (D:2)
  12 mummies (Ossuary)
  Robin (D:2)
  9 gnolls
  6 adders
  5 white imps
  An ufetubus (D:7)
  3 dart slugs
  30 orcs
  6 bats
  6 endoplasms
  2 giant cockroaches
  11 goblins
  5 hobgoblins
  9 quokkas
  A ball python (D:2)
  4 frilled lizards
  A gnoll skeleton (Ossuary)
  2 goblin skeletons (D:7)
  A goblin zombie (D:7)
  2 hobgoblin zombies (D:7)
  10 kobolds
  4 kobold skeletons
  6 orc skeletons
  3 rats
  11 rat skeletons (Ossuary)
251 creatures vanquished.

Notes
Turn   | Place    | Note
-------+----------+-------------------------------------------
     0 | D:1      | Maxmaps the Octopode Shapeshifter began the quest for the
                  | Orb.
     0 | D:1      | Reached XP level 1. HP: 13/13 MP: 1/1
   133 | D:1      | Reached XP level 2. HP: 11/19 MP: 2/2
   607 | D:1      | Reached XP level 3. HP: 25/25 MP: 3/3
  1030 | D:2      | Noticed Robin
  1047 | D:2      | Killed Robin
  1210 | D:2      | Noticed Natasha
  1217 | D:2      | Killed Natasha
  1218 | D:2      | Reached XP level 4. HP: 19/31 MP: 4/4
  1274 | D:2      | Noticed Natasha
  1274 | D:2      | Noticed Terence
  1283 | D:2      | Killed Terence
  1286 | D:2      | Killed Natasha
  1287 | D:2      | Reached XP level 5. HP: 16/36 MP: 5/5
  1429 | D:2      | Noticed Natasha
  1468 | D:2      | Killed Natasha
  1469 | D:2      | Reached skill level 5 in Stealth
  1955 | D:3      | Noticed Grinder
  1969 | D:3      | Killed Grinder
  1970 | D:3      | Reached skill level 5 in Fighting
  1970 | D:3      | Reached XP level 6. HP: 16/45 MP: 6/6
  2115 | D:3      | Found a faded altar of an unknown god.
  2164 | D:3      | You fall into a shaft and drop 3 floors!
  2220 | D:6      | Noticed a sky beast
  2231 | D:6      | Killed a sky beast
  2232 | D:6      | Reached XP level 7. HP: 50/50 MP: 7/7
  2594 | D:5      | Entered Level 5 of the Dungeon
  2860 | D:3      | Found an iron altar of Okawaru.
  2928 | D:3      | Found a sacrificial altar of Ru.
  3064 | D:3      | Found a hazy altar of Hepliaklqana.
  3729 | D:4      | Reached XP level 8. HP: 55/55 MP: 8/8
  4541 | D:5      | Reached skill level 5 in Dodging
  5308 | D:6      | Found a shadowy altar of Dithmenos.
  5355 | D:6      | Found a staircase to the Ecumenical Temple.
  5371 | Temple   | Entered the Ecumenical Temple
  5390 | Temple   | Became a worshipper of Gozag Ym Sagoz the Greedy
  6217 | D:7      | Reached XP level 9. HP: 49/61 MP: 9/9
  6372 | D:7      | Found a glowing golden altar of the Shining One.
  6602 | D:7      | Reached skill level 1 in Shields
  6943 | D:7      | Identified the +1 ring mail of Brilliance {rN+ Int+5}
  6965 | D:8      | Found a glowing silver altar of Zin.
  6984 | D:8      | Found a sand-covered staircase.
  6988 | Ossuary  | Entered an ossuary
  7404 | D:7      | Reached skill level 5 in Shapeshifting
  7847 | D:8      | Found a bloodstained altar of Trog.
  8005 | D:8      | Noticed a tengu warrior
  8017 | D:8      | Killed a tengu warrior
  8018 | D:8      | Reached XP level 10. HP: 13/66 MP: 10/10
  8711 | D:9      | Found an ancient bone altar of Kikubaaqudgha.
  8754 | D:9      | Noticed a two-headed ogre
  8764 | D:9      | HP: 3/66 [two-headed ogre/+0 giant club (18)]
  8768 | D:9      | Killed a two-headed ogre
  9148 | D:9      | Found a staircase to the Orcish Mines.
  9179 | D:9      | Reached skill level 4 in Unarmed Combat
  9819 | D:10     | Entered Level 10 of the Dungeon
  9842 | D:10     | Noticed a two-headed ogre
  9843 | D:10     | Noticed a six-headed hydra
  9938 | D:9      | Bought the ring of Zeuvvuonan {rF+ Will+ rCorr Int+3
                  | Stlth+} for 681 gold pieces
 10000 | D:10     | Reached skill level 5 in Unarmed Combat
 10046 | D:10     | Found a staircase to the Lair.
 10047 | D:10     | Noticed a death yak
 10047 | D:10     | Noticed a death yak
 10048 | D:10     | Noticed a death yak
 10048 | D:10     | Noticed a death yak
 10048 | D:10     | Noticed a death yak
 10296 | D:10     | Reached skill level 6 in Unarmed Combat
 10418 | D:10     | Paralysed by a hornet for 2 turns
 10425 | D:10     | Reached skill level 7 in Unarmed Combat
 10425 | D:10     | Reached XP level 11. HP: 42/72 MP: 11/11
 10607 | D:10     | Reached skill level 8 in Unarmed Combat
 10813 | D:10     | Identified the +5 shortbow "Leina" {speed, rPois}
 11017 | D:10     | Noticed an ogre mage
 11017 | D:10     | Noticed a boulder beetle
 11017 | D:10     | Noticed an ogre mage
 11327 | D:10     | Reached skill level 9 in Unarmed Combat
 11360 | D:10     | Noticed a seven-headed hydra
 11797 | D:10     | Killed a two-headed ogre
 11902 | D:10     | Killed a boulder beetle
 11926 | D:10     | Reached skill level 10 in Unarmed Combat
 12206 | D:10     | Killed an ogre mage
 12373 | D:10     | HP: 3/86 [seven-headed hydra (2)]
 12374 | D:10     | Mangled by a seven-headed hydra

Illustrated notes

Levels and vault maps discovered:
D:1:      minmay_arrival_diagonal_passages, layout_basic, serial_forest,
          infiniplex_forest_lined_3, infiniplex_forest_clump_diagonal,
          infiniplex_forest_clump_diagonal, infiniplex_forest_lined_room_2,
          infiniplex_forest_lined_room_2, minmay_misc_feat_five
D:2:      layout_basic, uniq_robin, uniq_natasha, uniq_terence
D:3:      layout_loops_ring, mainiacjoe_overflow_cross_hatched,
          mainiacjoe_overflow_small_starburst, mainiacjoe_overflow_chevrons,
          shapermc_ecumenical_altar_flowoftime, uniq_grinder
D:4:      layout_basic, serial_rivers, chequers_serial_rivers_room_b,
          chequers_serial_rivers_room_b, chequers_serial_rivers_room_b,
          chequers_serial_rivers_micro_e, chequers_serial_rivers_small_3,
          chequers_serial_rivers_micro_e
D:5:      layout_loops_ring, serial_glass, glass_columns_b, glass_columns_a
D:6:      layout_loops_ring, nicolae_dithmenos_shadow_blocks,
          minmay_temple_entry_glassed_door, minivault_10
D:7:      layout_loops_corners, nicolae_tso_besieged_by_evil
D:8:      cheibrodos_two_vegetables, layout_basic, zin_academy,
          kennysheep_little_box, lightli_ossuary_entry_decrepit_ruins
D:9:      layout_roguey, mainiacjoe_overflow_six_doors_small, david_orc_3
D:10:     minmay_the_grid_square_5x5_3x3 [minmay_the_grid_square_5x5_two_small,
          minmay_the_grid_square_5x5_plus, minmay_the_grid_square_5x5_inner_v,
          minmay_the_grid_square_5x5_minimal,
          minmay_the_grid_square_5x5_megaprize_crossed,
          minmay_the_grid_square_5x5_fancy_junction,
          minmay_the_grid_square_5x5_spiral,
          minmay_the_grid_square_5x5_checkered_statues,
          minmay_the_grid_square_5x5_inset], layout_gridville,
          dpeg_lair_monsters, wad_scary_box
Temple:   nicolae_temple_ecumenical_triangle

Skill      XL: |  1  2  3  4  5  6  7  8  9 10 11 |
---------------+----------------------------------+-----
Fighting       | 2 3 5 |  5.3
Stealth        | 2 4 5 |  5.0
Short Blades   | 2 4 |  4.2
Dodging        | 4 8 |  8.3
Shields        | 1 |  1.0
Shapeshifting  | 7 9 |  9.4
Unarmed Combat | 7 10 | 10.0

Action                     |  1- 3 |  4- 6 |  7- 9 | 10-12 || total
---------------------------+-------+-------+-------+-------++-------
  Melee: Unarmed           |    21 |       |       |   199 ||   220
         Constrict         |     9 |     9 |    75 |    41 ||   134
         Dagger            |    35 |    45 |   360 |    35 ||   475
         Tentacles         |     4 |    10 |    67 |    12 ||    93
         Punch             |     1 |     1 |    18 |     1 ||    21
 Invoke: Call Merchant     |       |       |       |     1 ||     1
         Potion Petition   |       |       |       |     1 ||     1
  Evoke: Wand              |       |       |       |     3 ||     3
    Use: Potion            |       |     1 |     4 |     4 ||     9
         Scroll            |       |       |    23 |     6 ||    29
   Stab: Sleeping          |     3 |     3 |    30 |     5 ||    41
         Distracted        |       |       |     1 |     2 ||     3
 Armour: Skin              |     2 |    10 |    69 |    82 ||   163
  Dodge: Dodged            |    28 |    19 |   180 |   192 ||   419
  Block: Kite shield       |       |       |    57 |     7 ||    64
         Other             |       |       |       |    33 ||    33
   Form: Anaconda          |       |       |       |     1 ||     1

Table legend: (Time is in decaauts)
 A = Elapsed time spent in this place.
 B = Non-inter-level travel time spent in this place.
 C = Inter-level travel time spent in this place.
 D = Time resting spent in this place.
 E = Time spent auto-exploring this place.
 F = Levels seen in this place.
 G = Mean time per level.
                   A        B        C        D        E       F      G
               +--------+--------+--------+--------+--------+-----+--------+
         Total |  12300 |  11820 |    480 |   2982 |   6594 |  12 | 1025.0 |
       Dungeon |  11952 |  11486 |    466 |   2982 |   6430 |  10 | 1195.2 |
        Temple |     34 |     20 |     14 |      0 |      0 |   1 |   34.0 |
       Ossuary |    313 |    313 |      0 |      0 |    164 |   1 |  313.0 |
               +--------+--------+--------+--------+--------+-----+--------+

Top non-repeatable levels by time:
    D:10: 2103 daAuts
     D:9: 1594 daAuts
     D:8: 1158 daAuts
     D:6: 1150 daAuts
     D:7: 1142 daAuts
     D:4: 1038 daAuts
     D:3: 989 daAuts
     D:5: 952 daAuts
     D:1: 912 daAuts
     D:2: 910 daAuts
 Ossuary: 313 daAuts
  Temple: 34 daAuts
